 Dungeon Crawl Stone Soup version 0.27.1-3-gb3d3a73c9e (webtiles) character file.

Game seed: 13359082106863484862

74 DearestLeader the Magician (level 4, -1/34 HPs)
             Began as a Gnoll Wanderer on Oct 6, 2021.
             Slain by Grinder (6 damage)
             ... on level 3 of the Dungeon.
             The game lasted 00:03:30 (1426 turns).

DearestLeader the Magician (Gnoll Wanderer)         Turns: 1426, Time: 00:03:30

Health: -1/34      AC:  7    Str: 12    XL:     4   Next: 28%
Magic:  11/11      EV: 10    Int: 12    God:
Gold:   92         SH:  5    Dex: 11    Spells: 12/13 levels left

rFire    . . .     SeeInvis +   q - +1 flail (holy)
rCold    . . .     Faith    .   (no shield)
rNeg     . . .     Spirit   .   c - +0 ring mail
rPois    .         Reflect  +   (no helmet)
rElec    .         Harm     .   (no cloak)
rCorr    .         Rampage  .   (no gloves)
Will     .....                  p - +0 pair of boots
Stlth    +.........             f - amulet of reflection
HPRegen  0.11/turn              l - ring of see invisible
MPRegen  0.12/turn              (no ring)

@: no status effects
A: fangs 1, strong nose, distributed training
a: no special abilities


You were on level 3 of the Dungeon.
You visited 1 branch of the dungeon, and saw 3 of its levels.

You collected 92 gold pieces.

Inventory:

Hand Weapons
 a - a +0 club
 h - a +0 whip
 n - a +3 short sword
 o - a +1 dagger of pain
 q - a +1 flail of holy wrath (weapon)
Missiles
 d - 9 poisoned darts (quivered)
Armour
 c - a +0 ring mail (worn)
 p - a +0 pair of boots (worn)
Magical Staves
 j - a staff of poison
Jewellery
 f - an amulet of reflection (around neck)
 l - a ring of see invisible (left hand)
Scrolls
 e - 2 scrolls of vulnerability
 g - a scroll of teleportation {unknown}
Potions
 b - a potion of curing
 i - 2 potions of degeneration
 k - a potion of haste {unknown}
 m - 2 potions of attraction {unknown}


   Skills:
 + Level 2.7 Fighting
 + Level 1.1 Short Blades
 + Level 1.1 Long Blades
 + Level 1.1 Axes
 + Level 4.6 Maces & Flails
 + Level 1.1 Polearms
 + Level 1.1 Staves
 + Level 1.1 Slings
 + Level 1.1 Bows
 + Level 1.1 Crossbows
 + Level 2.7 Throwing
 + Level 4.6 Armour
 + Level 1.1 Dodging
 + Level 1.1 Stealth
 + Level 1.1 Shields
 + Level 1.1 Unarmed Combat
 + Level 5.0 Spellcasting
 + Level 0.8 Conjurations
 + Level 0.8 Hexes
 + Level 0.8 Summonings
 + Level 0.8 Necromancy
 + Level 0.8 Translocations
 + Level 0.8 Transmutations
 + Level 0.8 Fire Magic
 + Level 2.2 Ice Magic
 + Level 0.8 Air Magic
 + Level 0.8 Earth Magic
 + Level 0.8 Poison Magic
 + Level 1.2 Invocations
 + Level 2.7 Evocations


You had 12 spell levels left.
You knew the following spells:

 Your Spells              Type           Power      Damage    Failure   Level
a - Magic Dart            Conj           20%        1d4       30%         1

Your spell library contained the following spells:

 Spells                   Type           Power      Damage    Failure   Level
 Apportation              Tloc           10%        N/A       30%         1
 Summon Small Mammal      Summ           20%        N/A       30%         1
 Blink                    Tloc           N/A        N/A       41%         2
 Call Imp                 Summ           5%         N/A       41%         2
 Slow                     Hex            5%         N/A       41%         2
 Call Canine Familiar     Summ           5%         N/A       65%         3
 Conjure Flame            Conj/Fire      5%         6-21      65%         3
 Mephitic Cloud           Conj/Pois/Air  5%         N/A       65%         3
 Summon Guardian Golem    Hex/Summ       5%         N/A       65%         3
 Alistair's Intoxication  Tmut/Pois      3%         N/A       100%        5
 Invisibility             Hex            2%         N/A       100%        6


Dungeon Overview and Level Annotations

Branches:
Dungeon (3/15)

Altars:
Uskayaw

Shops:
D:2 (

Annotations:
D:3 Grinder, Robin


Innate Abilities, Weirdness & Mutations

You have very sharp teeth.
Your uncanny sense of smell can sniff out nearby items.
Your experience applies equally to all skills.


Message History

Grinder comes into view.
Grinder shouts!
You hit the goblin.
The goblin is moderately wounded.
The goblin hits you but does no damage.
You hit the goblin.
You kill the goblin!
A hobgoblin comes into view.
The hobgoblin shouts!
Grinder hits you.
You hit Grinder but do no damage. Grinder barely misses you.
You hit Grinder but do no damage. You bite Grinder, but do no damage.
You block Grinder's attack.
You hit Grinder.
Grinder convulses.
Grinder is lightly wounded.
You block Grinder's attack.
The hobgoblin hits you but does no damage.
You closely miss Grinder.
Grinder is lightly wounded.
You block Grinder's attack. The hobgoblin completely misses you.
You sock Grinder!
Grinder convulses!
Grinder is heavily wounded.
Grinder barely misses you.
The hobgoblin hits you but does no damage.
You closely miss Grinder.
Grinder is heavily wounded.
Grinder hits you.
You writhe in agony.
The hobgoblin closely misses you. Grinder gestures at you.
Pain shoots through your body!
* * * LOW HITPOINT WARNING * * *
You are too injured to fight recklessly!
Unknown command.
You closely miss Grinder.
Grinder is heavily wounded.
The hobgoblin hits you but does no damage.
Grinder barely misses you. The hobgoblin closely misses you.
You completely miss Grinder.
Grinder is heavily wounded.
Grinder hits you.
You die...

.. .. ..# #. .. ...# #.#.#....#
#.#.#....# . #.#.#....#
.#.####......... ...#...g5....##
.# ........@.....# #.#. ∆
#.#........#.# ... ....
#.#.....)..#.# #.# #....
#.#........#..##.###.... ####
#.#.....................
...####.##...........#.#....#
#.......).........#.#.#....#
#†.###.##.........#...#....##
#####.†###.##########............


You could see Grinder and a hobgoblin.

Vanquished Creatures
  An adder (D:3)
  A worm (D:3)
  8 bats
  3 endoplasms
  2 giant cockroaches (D:2)
  10 hobgoblins
  A quokka (D:1)
  5 ball pythons
  3 frilled lizards (D:1)
  11 goblins
  5 kobolds
  6 rats
56 creatures vanquished.

Vanquished Creatures (others)
  2 plants (D:1)
2 creatures vanquished.

Grand Total: 58 creatures vanquished

Notes
Turn   | Place    | Note
-------+----------+-------------------------------------------
     0 | D:1      | DearestLeader the Gnoll Wanderer began the quest for the
                  | Orb.
     0 | D:1      | DearestLeader set off with the following items: a +0 club,
                  | a potion of curing, a +0 ring mail; and the following spell
                  | memorised: Magic Dart; and the following spells available
                  | to memorise: Blink, Call Imp, Slow, Conjure Flame, Mephitic
                  | Cloud
     0 | D:1      | Reached XP level 1. HP: 17/17 MP: 6/6
   210 | D:1      | Reached XP level 2. HP: 23/23 MP: 7/7
   627 | D:1      | Found a faded altar of an unknown god.
   831 | D:2      | Found a hide-covered altar of Uskayaw.
   851 | D:2      | Found Voqiob's Weapon Boutique.
   863 | D:2      | Reached XP level 3. HP: 23/28 MP: 9/9
   866 | D:2      | Reached skill level 5 in Spellcasting
  1105 | D:2      | Reached skill level 1 in Invocations
  1348 | D:3      | Noticed Robin
  1366 | D:3      | Reached skill level 1 in Short Blades
  1366 | D:3      | Reached skill level 1 in Long Blades
  1366 | D:3      | Reached skill level 1 in Axes
  1366 | D:3      | Reached skill level 1 in Polearms
  1366 | D:3      | Reached skill level 1 in Staves
  1366 | D:3      | Reached skill level 1 in Slings
  1366 | D:3      | Reached skill level 1 in Bows
  1366 | D:3      | Reached skill level 1 in Crossbows
  1366 | D:3      | Reached skill level 1 in Dodging
  1366 | D:3      | Reached skill level 1 in Stealth
  1366 | D:3      | Reached skill level 1 in Shields
  1366 | D:3      | Reached skill level 1 in Unarmed Combat
  1375 | D:3      | Reached XP level 4. HP: 30/34 MP: 11/11
  1414 | D:3      | Noticed Grinder
  1426 | D:3      | Slain by Grinder

Illustrated notes

Levels and vault maps discovered:
D:1:      roderic_crop_circles_arrival_small, layout_basic,
          dreamdust_ecumenical_altar_angels_and_demons, minmay_misc_feat_cross
D:2:      layout_rooms, basic_altar, serial_shops, nicolae_shop_behind_doors
D:3:      layout_basic, portal_sewer_entry_f, uniq_terence, uniq_grinder,
          uniq_robin, uniq_ijyb, uniq_sigmund

Skill      XL: |  1  2  3 |
---------------+----------+-----
Ice Magic      | 2 |  2.2
Spellcasting   | 5 |  5.0
Invocations    | 1 |  1.2
Short Blades   | 1 |  1.1
Long Blades    | 1 |  1.1
Axes           | 1 |  1.1
Polearms       | 1 |  1.1
Staves         | 1 |  1.1
Slings         | 1 |  1.1
Bows           | 1 |  1.1
Crossbows      | 1 |  1.1
Dodging        | 1 |  1.1
Stealth        | 1 |  1.1
Shields        | 1 |  1.1
Unarmed Combat | 1 |  1.1
Fighting       | |  2.7
Maces & Flails | |  4.6
Throwing       | |  2.7
Armour         | |  4.6
Conjurations   | |  0.8
Hexes          | |  0.8
Summonings     | |  0.8
Necromancy     | |  0.8
Translocations | |  0.8
Transmutations | |  0.8
Fire Magic     | |  0.8
Air Magic      | |  0.8
Earth Magic    | |  0.8
Poison Magic   | |  0.8
Evocations     | |  2.7

Action                   |  1- 3 |  4- 6 || total
-------------------------+-------+-------++-------
Melee: Club              |    62 |       ||    62
       Bite              |     9 |     2 ||    11
       Whip              |    19 |       ||    19
       Short sword       |    32 |       ||    32
       Flail             |    24 |    29 ||    53
 Cast: Magic Dart        |     4 |       ||     4
  Use: Scroll            |     4 |       ||     4
Armor: Ring mail         |    55 |     7 ||    62
Dodge: Dodged            |    86 |    13 ||    99
Block: Other             |    19 |     5 ||    24
       Reflection        |     3 |       ||     3
